 Dungeon Crawl Stone Soup version 0.27-a0-1026-gbab068f60c (webtiles) character file.

Game seed: 4953585671221224479

51 Morbidden the Sneak (level 3, 0/32 HPs)
             Began as a Deep Dwarf Brigand on Apr 17, 2021.
             Was a Believer of Dithmenos.
             Slain by a jackal (1 damage)
             ... on level 2 of the Dungeon.
             The game lasted 00:04:08 (1127 turns).

Morbidden the Sneak (Deep Dwarf Brigand)            Turns: 1127, Time: 00:04:09

Health: 0/32       AC:  3    Str: 15    XL:     3   Next: 57%
Magic:  3/3        EV: 12    Int: 11    God:    Dithmenos [**....]
Gold:   46         SH:  0    Dex: 14    Spells: 2/2 levels left

rFire    . . .     SeeInvis .   a - +3 dagger
rCold    . . .     Faith    .   (no shield)
rNeg     . . .     Spirit   .   b - +0 robe
rPois    .         Reflect  .   (no helmet)
rElec    .         Harm     .   c - +0 cloak
rCorr    +         Rampage  .   (no gloves)
Will     .....                  (no boots)
Stlth    ++++......             (no amulet)
HPRegen  0.00/turn              f - ring of resist corrosion
MPRegen  0.08/turn              (no ring)

@: non-regenerating, wreathed by umbra
A: damage resistance, heal wounds, sense surroundings 1, no regeneration
a: Heal Wounds, Renounce Religion, Shadow Step


You were on level 2 of the Dungeon.
You worshipped Dithmenos.
Dithmenos was pleased with you.
You visited 1 branch of the dungeon, and saw 2 of its levels.

You collected 46 gold pieces.

Inventory:

Hand Weapons
 a - a +3 dagger (weapon)
Missiles
 e - 2 curare-tipped darts
 i - a poisoned dart (quivered)
Armour
 b - a +0 robe (worn)
 c - a +0 cloak (worn)
 d - a +1 pair of gloves
Jewellery
 f - a ring of resist corrosion (left hand)
Scrolls
 g - a scroll of enchant weapon


   Skills:
 * Level 2.1 Fighting
 + Level 2.0 Short Blades
 + Level 2.2 Throwing
 + Level 1.4 Dodging
 + Level 5.6 Stealth
 * Level 0.4 Spellcasting
 * Level 0.5 Invocations


You had 2 spell levels left.
You didn't know any spells.
Your spell library was empty.

Dungeon Overview and Level Annotations

Branches:
Dungeon (2/15)

Altars:
Dithmenos


Innate Abilities, Weirdness & Mutations

You are resistant to damage.
You can heal yourself by infusing magical energy.
You passively map a small area around you.
You do not regenerate.


Message History

You hit the jackal.
The jackal is severely wounded.
The jackal closely misses you. The jackal misses you.
You closely miss the jackal.
The jackal is severely wounded.
The jackal barely misses you.
You hit the jackal.
The jackal is almost dead.
The jackal completely misses you.
You hit the jackal but do no damage.
The jackal is almost dead.
The jackal barely misses you.
You closely miss the jackal.
The jackal is severely wounded.
The jackal closely misses you. x2
You hit the jackal but do no damage.
The jackal is severely wounded.
The jackal barely misses you.
You barely miss the jackal.
The jackal is severely wounded.
The jackal bites you but does no damage.
You hit the jackal.
The jackal is almost dead.
The jackal misses you.
You closely miss the jackal.
The jackal is almost dead.
The jackal barely misses you. The jackal bites you.
* * * LOW HITPOINT WARNING * * *
You hit the jackal.
You kill the jackal!
Dithmenos accepts your kill.
You barely miss the jackal. The jackal barely misses you. x2
You barely miss the jackal. The jackal barely misses you.
You barely miss the jackal.
The jackal bites you but does no damage.
You hit the jackal but do no damage. The jackal barely misses you.
You closely miss the jackal.
The jackal bites you but does no damage. x2
You hit the jackal but do no damage. The jackal bites you.
You die...

...############....h....
$#......##......#.#.#.#.
.....##.##.#*#..........
(#.........###..#.#h#.#
.......................
.................>#* ,,
#....########..#.##** **
####.# ##.#h# #.#####
#.#@# * #.....# #.#.#
#####.# #.#.# * * #.#
#.#.. , , , #.# #.#.. ,
, * #.# , .... , * #.#
.... , * #.# , ..... , ,
#+# ,


You could see a jackal.

Vanquished Creatures
  A dart slug (D:1)
  5 ball pythons
  5 endoplasms
  4 giant cockroaches (D:1)
  3 goblins
  3 hobgoblins
  7 jackals
  4 quokkas (D:1)
  3 bats (D:1)
  5 frilled lizards (D:1)
  2 kobolds (D:1)
  A rat (D:1)
43 creatures vanquished.

Notes
Turn   | Place    | Note
-------+----------+-------------------------------------------
     0 | D:1      | Morbidden the Deep Dwarf Brigand began the quest for the
                  | Orb.
     0 | D:1      | Reached XP level 1. HP: 19/19 MP: 1/1
    53 | D:1      | Reached skill level 5 in Stealth
   116 | D:1      | Reached XP level 2. HP: 17/26 MP: 2/2
   326 | D:1      | Found a faded altar of an unknown god.
   341 | D:1      | Became a worshipper of Dithmenos the Shadowed
   341 | D:1      | Reached * piety under Dithmenos
   522 | D:1      | Reached XP level 3. HP: 7/32 MP: 3/3
  1101 | D:2      | Reached ** piety under Dithmenos
  1120 | D:2      | HP: 1/32 [jackal (1)]
  1127 | D:2      | Slain by a jackal

Illustrated notes

Levels and vault maps discovered:
D:1:      ncdulo_watergridlock, layout_basic, ebering_ecumenical_altar_hall,
          minmay_bisected
D:2:      layout_basic, serial_glass, glass_columns_a, glass_columns_c,
          grunt_ministairs_10, amcnicky_mini_corridor_feature

Skill      XL: |  1  2  3 |
---------------+----------+-----
Stealth        | 5 |  5.6
Fighting       | 2 |  2.1
Throwing       | 2 |  2.2
Short Blades   | 2 |  2.0
Dodging        | |  1.4
Spellcasting   | |  0.4
Invocations    | |  0.5

Action                   || total
-------------------------++-------
Melee: Dagger            ||    98
Throw: Dart              ||    45
  Use: Scroll            ||     4
       Potion            ||     1
 Stab: Sleeping          ||     8
Armor: Robe              ||    15
Dodge: Dodged            ||    70

Table legend: (Time is in decaauts)
 A = Elapsed time spent in this place.
 B = Non-inter-level travel time spent in this place.
 C = Inter-level travel time spent in this place.
 D = Time resting spent in this place.
 E = Time spent auto-exploring this place.
 F = Levels seen in this place.
 G = Mean time per level.
                   A        B        C        D        E       F      G
               +--------+--------+--------+--------+--------+-----+--------+
         Total |   1113 |   1088 |     25 |      0 |    728 |   2 |  556.5 |
       Dungeon |   1113 |   1088 |     25 |      0 |    728 |   2 |  556.5 |
               +--------+--------+--------+--------+--------+-----+--------+

Top non-repeatable levels by time:
     D:1: 984 daAuts
     D:2: 129 daAuts
